 Dungeon Crawl Stone Soup version 0.28-a0-1545-g945cd3f27e (webtiles) character file.

Game seed: 7506223570339840402

2398 Analysis the Spear-Bearer (level 9, -9/72 HPs)
             Began as a Merfolk Gladiator on Jan 18, 2022.
             Was a Follower of Okawaru.
             Killed from afar by an acid dragon (11 damage)
             ... with a splash of acid
             ... on level 6 of the Dungeon.
             The game lasted 00:27:45 (7517 turns).

Analysis the Spear-Bearer (Merfolk Gladiator)       Turns: 7517, Time: 00:27:45

Health: -9/72      AC:  0    Str: 15    XL:     9   Next: 46%
Magic:  9/9        EV: 18    Int:  7    God:    Okawaru [*.....]
Gold:   284        SH:  0    Dex: 19    Spells: 8/8 levels left

rFire   + . .      SeeInvis .   b - +2 spear (vorpal)
rCold   + + .      Faith    .   (no shield)
rNeg    . . .      Spirit   .   m - +0 robe
rPois   +          Reflect  .   c - +0 helmet
rElec   +          Harm     .   (no cloak)
rCorr   +          Rampage  .   e - +0 pair of gloves
Will    +....                   (no boots)
Stlth   ++........              (no amulet)
HPRegen 0.22/turn               v - ring of protection from cold
MPRegen 0.11/turn               w - ring of willpower

@: resistant, corroded
A: (nimble swimmer 2), mertail
a: Renounce Religion, Heroism


You were on level 6 of the Dungeon.
You worshipped Okawaru.
Okawaru was aware of your devotion.
You visited 2 branches of the dungeon, and saw 7 of its levels.

You collected 284 gold pieces.

Inventory:

Hand Weapons
 b - a +2 vorpal spear (weapon)
 o - a +1 glaive of venom
Missiles
 d - 3 throwing nets (quivered)
Armour
 c - a +0 helmet (worn)
 e - a +0 pair of gloves (worn)
 m - a +0 robe (worn)
 A - a +0 tower shield
Jewellery
 v - a ring of protection from cold (left hand)
 w - a ring of willpower (right hand)
Wands
 q - a wand of flame (38)
 u - a wand of mindburst (16)
Scrolls
 f - 2 scrolls of teleportation {unknown}
 g - a scroll of noise {unknown}
 l - a scroll of enchant armour {unknown}
 p - a scroll of fear {unknown}
 s - 5 scrolls of identify
 t - a scroll of magic mapping {unknown}
 y - a scroll of silence {unknown}
 B - a scroll of amnesia {unknown}
Potions
 h - a potion of mutation {unknown}
 i - a potion of cancellation {unknown}
 j - 2 potions of heal wounds {unknown}
 k - a potion of invisibility {unknown}
 n - a potion of haste {unknown}
 r - 2 potions of flight {unknown}
 x - 2 potions of curing {unknown}
 z - a potion of lignification {unknown}
 C - a potion of degeneration {unknown}
 D - a potion of brilliance {unknown}


   Skills:
 + Level 7.3 Fighting
 * Level 12.8 Polearms
 - Level 2.0 Throwing
 + Level 9.3 Dodging


You had 8 spell levels left.
You didn't know any spells.
Your spell library contained the following spells:

 Spells                   Type           Power      Damage    Failure   Level
 Beastly Appendage        Tmut           0%         N/A       43%         1
 Ensorcelled Hibernation  Hex/Ice        0%         N/A       56%         2
 Gell's Gravitas          Tloc           0%         N/A       80%         3
 Spider Form              Tmut/Pois      0%         N/A       80%         3
 Anguish                  Hex/Necr       0%         N/A       99%         4
 Irradiate                Conj/Tmut      0%         3d14      100%        5
 Disjunction              Tloc           0%         N/A       100%        8


Dungeon Overview and Level Annotations

Branches:
Dungeon (6/15)             Temple (1/1) D:5

Altars:
Ashenzari
Cheibriados
Dithmenos
Elyvilon
Gozag
Hepliaklqana
Nemelex Xobeh
Okawaru
Qazlal
Ru
Sif Muna
Trog
Uskayaw
Vehumet
Wu Jian
Yredelemnul
The Shining One

Annotations:
D:2 1 runed translucent door, Crazy Yiuf


Innate Abilities, Weirdness & Mutations

((You are very nimble when in or above water. (Stealth+, EV+, Speed+++)))
Your lower body shifts to a powerful aquatic tail in water.


Message History

You closely miss the acid dragon.
The acid dragon is heavily wounded.
The acid dragon completely misses you. The acid dragon claws you.
You closely miss the acid dragon.
The acid dragon is heavily wounded.
You hit the acid dragon but do no damage.
The acid dragon is heavily wounded.
The acid dragon misses you. The acid dragon closely misses you.
You hit the acid dragon.
The acid dragon is heavily wounded.
You closely miss the acid dragon.
The acid dragon is heavily wounded.
The acid dragon misses you. The acid dragon claws you.
You closely miss the acid dragon.
The acid dragon is heavily wounded.
You completely miss the acid dragon.
The acid dragon is heavily wounded.
The acid dragon barely misses you. The acid dragon claws you.
* * * LOW HITPOINT WARNING * * *
You completely miss the acid dragon.
The acid dragon is heavily wounded.
You hit the acid dragon.
The acid dragon is severely wounded.
The acid dragon misses you. The acid dragon claws you.
* * * LOW HITPOINT WARNING * * *
You hit the acid dragon but do no damage.
The acid dragon is severely wounded.
You hit the acid dragon.
The acid dragon is almost dead.
The acid dragon bites you!
* * * LOW HITPOINT WARNING * * *
The acid dragon claws you.
* * * LOW HITPOINT WARNING * * *
You barely miss the acid dragon.
The acid dragon is almost dead.
Okay, then.
You feel protected. The acid dragon spits acid at you.
The splash of acid hits you! You resist.
You die...

..# #.########.# #.# ##### #.#
#.# #.# #....# #.# ##.####### #.#
#....# #.# #......... #.# #....#
#.#######.........
#÷###....###................. .
#>..#....##.........#.#######....
#.#.#....##..########.### #....
#.#.....).......@D).....# #....
#.#...####'#######'####.# #....
#.#...# #.## ##†# #.# #....
#.#...# #..##'##..# #.#####....
#.#...#S #....#....# #.....#....
#.....#.g##.......## #..........
###...#hol'...D...' #........## #
###.# ##.......## #........# #
#.# ##....#.... #........#


You could see an acid dragon (catching breath).

Vanquished Creatures
  Grinder (D:4)
  A water moccasin (D:6)
  2 black bears
  An ice beast (D:6)
  4 ogres
  2 sky beasts (D:5)
  A necrophage (D:6)
  A centaur (D:6)
  2 phantoms
  2 bullfrogs (D:6)
  3 scorpions
  2 centaur zombies
  A jelly (D:6)
  A bullfrog zombie (D:4)
  5 hounds
  A bullfrog skeleton (D:6)
  A centaur skeleton (D:6)
  2 orc priests
  3 iguanas
  A hound skeleton (D:4)
  6 adders
  7 gnolls
  A howler monkey skeleton (D:6)
  2 white imps (D:6)
  2 ufetubi
  4 worms
  A dart slug (D:3)
  9 orcs
  2 bats (D:1)
  An endoplasm (D:3)
  3 giant cockroaches
  2 goblins
  2 hobgoblins
  2 jackals (D:4)
  A quokka (D:1)
  5 ball pythons
  A frilled lizard (D:3)
  3 kobolds
  2 rats
93 creatures vanquished.

Notes
Turn   | Place    | Note
-------+----------+-------------------------------------------
     0 | D:1      | Analysis the Merfolk Gladiator began the quest for the Orb.
     0 | D:1      | Reached XP level 1. HP: 16/16 MP: 1/1
   409 | D:1      | Reached XP level 2. HP: 23/23 MP: 2/2
  1016 | D:2      | Got the Grimoire of the Shifting Traveller
  1374 | D:2      | Reached skill level 5 in Polearms
  1374 | D:2      | Reached XP level 3. HP: 15/28 MP: 3/3
  1766 | D:2      | Found a runed translucent door.
  1767 | D:2      | Noticed Crazy Yiuf
  1986 | D:3      | Reached skill level 5 in Dodging
  1986 | D:3      | Reached XP level 4. HP: 19/35 MP: 4/4
  2334 | D:3      | Noticed an ogre
  2547 | D:4      | Reached skill level 6 in Polearms
  2547 | D:4      | Reached XP level 5. HP: 15/42 MP: 5/5
  3082 | D:4      | Noticed an ogre
  3168 | D:4      | Noticed Grinder
  3168 | D:4      | Noticed a black bear
  3171 | D:4      | Paralysed by Grinder for 2 turns
  3210 | D:5      | Entered Level 5 of the Dungeon
  3235 | D:5      | Reached XP level 6. HP: 44/48 MP: 6/6
  3286 | D:5      | Noticed a sky beast
  3302 | D:5      | Killed a sky beast
  3303 | D:5      | Reached skill level 7 in Polearms
  3374 | D:5      | Reached XP level 7. HP: 26/55 MP: 7/7
  3557 | D:5      | Reached skill level 8 in Polearms
  3916 | D:5      | Found a staircase to the Ecumenical Temple.
  3922 | Temple   | Entered the Ecumenical Temple
  4254 | D:6      | Reached skill level 5 in Fighting
  4545 | D:6      | Reached skill level 9 in Polearms
  5291 | D:6      | Reached XP level 8. HP: 42/63 MP: 8/8
  5465 | D:6      | Reached skill level 10 in Polearms
  5800 | D:3      | Found an iron altar of Okawaru.
  5810 | D:3      | Became a worshipper of Warmaster Okawaru
  6316 | D:4      | Reached skill level 11 in Polearms
  6441 | D:4      | Killed Grinder
  6537 | D:4      | Reached * piety under Okawaru
  6538 | D:4      | Reached XP level 9. HP: 50/71 MP: 9/9
  6807 | D:6      | Found a stormy altar of Qazlal.
  6808 | D:6      | Found an opulent altar of Gozag.
  6998 | D:6      | Reached skill level 12 in Polearms
  7515 | D:6      | HP: 2/72 [acid dragon (3)]
  7517 | D:6      | Killed from afar by an acid dragon

Illustrated notes

Levels and vault maps discovered:
D:1:      dpeg_arrival_yet_another_circle, layout_basic
D:2:      layout_rooms, minmay_misc_feat_tower, uniq_crazy_yiuf_cottage
D:3:      layout_basic, okawaru_gym_becter, guppyfry_early_lair_pool
D:4:      layout_basic, uniq_grinder
D:5:      layout_cave_pools, minmay_temple_entry_hall
D:6:      layout_basic, mainiacjoe_overflow_divided_tiny,
          cheibrodos_sewer_entry_bend, hangedman_decor_diamond_cutter,
          minmay_pentangle
Temple:   jpeg_temple_clearing

Skill      XL: |  1  2  3  4  5  6  7  8  9 |
---------------+----------------------------+-----
Polearms       | 5 6 7 9 11 12 | 12.8
Fighting       | 3 4 5 6 7 |  7.3
Dodging        | 5 6 7 8 9 |  9.3
Throwing       | |  2.0

Action                   |  1- 3 |  4- 6 |  7- 9 || total
-------------------------+-------+-------+-------++-------
Melee: Trident           |    67 |     5 |       ||    72
       Punch             |     1 |       |     5 ||     6
       Spear             |       |   111 |   394 ||   505
  Use: Scroll            |       |       |     1 ||     1
       Potion            |       |       |     1 ||     1
 Stab: Sleeping          |     1 |       |     1 ||     2
Armor: Leather armour    |     7 |       |       ||     7
       Robe              |     6 |    18 |    23 ||    47
Dodge: Dodged            |    45 |    62 |   131 ||   238

Table legend: (Time is in decaauts)
 A = Elapsed time spent in this place.
 B = Non-inter-level travel time spent in this place.
 C = Inter-level travel time spent in this place.
 D = Time resting spent in this place.
 E = Time spent auto-exploring this place.
 F = Levels seen in this place.
 G = Mean time per level.
                   A        B        C        D        E       F      G
               +--------+--------+--------+--------+--------+-----+--------+
         Total |   7321 |   6906 |    415 |   2748 |   2943 |   7 | 1045.9 |
       Dungeon |   7214 |   6811 |    403 |   2748 |   2861 |   6 | 1202.3 |
        Temple |    107 |     95 |     12 |      0 |     82 |   1 |  107.0 |
               +--------+--------+--------+--------+--------+-----+--------+

Top non-repeatable levels by time:
     D:6: 1699 daAuts
     D:4: 1504 daAuts
     D:5: 1184 daAuts
     D:2: 1070 daAuts
     D:1: 886 daAuts
     D:3: 868 daAuts
  Temple: 107 daAuts
